Map: 2000 Atmospheres LE

Players

TerraN - Winner!

  • Race: Terran Terran

Erik

  • Race: Zerg Zerg
  • League: Master

Event: DreamHack SC2 Masters 2021 Summer

VOD

Have the link to the VOD?

Description

Time

  • Played on: May 19, 2021, 3:19 p.m.
  • Length: 15:28

All games in this series

Show
View Real Time Build Order
Export as new Build Order

TerraN Terran - Winner!

Build Orders: Reaper Expand, Hellion Banshee 

Get SALT Encoding   

  12  0:02  SCV  
  13  0:15  SCV  
  13  0:19  Supply Depot  
  14  0:27  SCV  
  15  0:40  SCV  
  15  0:42  Barracks  
  16  0:47  Refinery  
  16  0:52  SCV  
  17  1:04  SCV  
  18  1:17  SCV  
  19  1:30  Reaper  
  19  1:31  Orbital Command  
  20  1:41  Command Center  
  20  1:50  Supply Depot  
  20  1:57  SCV  
  21  2:01  Marine  
  22  2:09  SCV  
  22  2:11  Factory  
  23  2:21  SCV  
  24  2:26  Barracks Reactor  
  24  2:33  SCV  
  25  2:40  Command Center  
  25  2:51  SCV  
  26  2:55  Orbital Command  
  26  2:58  Refinery  
  26  3:03  SCV  
  27  3:05  Starport  
  29  3:12  Hellion  
  29  3:16  Hellion  
  29  3:18  SCV  
  29  3:19  Barracks Tech Lab  
  32  3:23  SCV  
  33  3:33  SCV  
  33  3:34  Hellion  
  36  3:37  SCV, Hellion  
  39  3:45  SCV  
  39  3:48  Banshee  
  40  3:49  SCV  
  40  3:55  Orbital Command  
  44  3:57  SCV  
  44  3:58  Hellion  
  44  4:01  SCV  
  48  4:05  Cloaking Field  
  48  4:09  SCV  
  51  4:10  Hellion  
  51  4:13  SCV  
  52  4:21  SCV  
  53  4:24  Barracks Tech Lab  
  53  4:25  SCV  
  53  4:27  SCV  
  53  4:31  Banshee  
  55  4:33  SCV  
  55  4:36  Supply Depot  
  59  4:38  SCV, Barracks  
  59  4:42  Barracks  
  59  4:43  SCV  
  61  4:50  Supply Depot  
  61  4:51  Factory Reactor  
  61  4:52  Stimpack  
  61  4:58  SCV  
  61  4:59  SCV  
  63  5:05  Engineering Bay  
  63  5:07  Refinery  
  63  5:08  SCV, Engineering Bay  
  63  5:11  Marine  
  65  5:19  SCV  
  65  5:20  SCV  
  67  5:27  Marine x2  
  69  5:29  Marine  
  69  5:31  Orbital Command, Starport Reactor  
  69  5:32  Terran Infantry Weapons Level 1  
  69  5:33  Refinery  
  70  5:40  Barracks  
  70  5:41  Barracks  
  70  5:43  SCV x2  
  70  5:44  Marine x3  
  70  5:45  Marine  
  76  5:50  Supply Depot x3  
  76  5:59  SCV  
  76  6:03  Terran Infantry Armor Level 1  
  77  6:11  Marine x4  
  77  6:12  SCV x3  
  77  6:15  Marine  
  77  6:23  Siege Tank  
  77  6:24  SCV x2, Medivac x2  
  77  6:25  SCV  
  87  6:29  Marine  
  87  6:31  Supply Depot  
  87  6:32  Supply Depot  
  88  6:36  SCV, Marine x2  
  88  6:37  SCV x2  
  93  6:40  Marine x2  
  93  6:41  Combat Shield  
  93  6:42  Barracks Reactor x2  
  95  6:47  Marine  
  95  6:48  SCV  
  95  6:49  SCV x2  
  95  6:54  Marine  
  99  6:55  Marine  
  99  6:58  Marine x2  
  99  7:00  SCV  
  96  7:01  SCV  
  96  7:02  SCV  
  96  7:04  Factory, Supply Depot  
  96  7:05  Refinery, Marine  
  99  7:11  Armory  
  99  7:12  SCV  
  99  7:14  Marine x2  
  102  7:16  Marine  
  102  7:18  Marine x2  
  102  7:19  Bunker  
  105  7:23  SCV x2, Marine  
  105  7:24  Marine x3  
  111  7:32  Marine x2, Supply Depot  
  111  7:33  Marine  
  111  7:34  Siege Tank  
  111  7:35  Supply Depot  
  111  7:36  Marine x2  
  119  7:41  Marine x2  
  119  7:42  Marine x2  
  117  7:46  Medivac x2  
  117  7:48  Factory Reactor  
  121  7:58  Marine x2, Sensor Tower, Supply Depot  
  121  7:59  Marine  
  121  8:00  Marine x4  
  121  8:02  Terran Infantry Armor Level 2, Terran Infantry Weapons Level 2  
  121  8:03  Marine x2  
  130  8:14  Refinery  
  130  8:16  Marine x2  
  130  8:17  Marine x2  
  130  8:18  Marine x2  
  136  8:20  Marine x2, Siege Tank  
  141  8:28  Marine  
  141  8:29  Widow Mine x2  
  141  8:31  Command Center  
  141  8:33  Drilling Claws  
  141  8:34  Marine x2  
  146  8:35  Marine  
  146  8:40  Supply Depot  
  146  8:41  Supply Depot  
  149  8:46  Marine  
  149  8:50  Marine x3  
  149  8:52  Supply Depot  
  149  8:54  Marine, Supply Depot  
  149  9:01  Marine x3  
  149  9:02  Widow Mine x2  
  156  9:03  Widow Mine, Marine  
  156  9:04  Marine  
  156  9:05  Medivac  
  156  9:06  Medivac  
  156  9:08  Marine  
  162  9:10  Barracks, Marine  
  162  9:11  Barracks  
  162  9:12  Barracks, Marine x2  
  165  9:20  Marine x3, Missile Turret  
  165  9:23  Widow Mine  
  168  9:31  Marine x5  
  157  9:33  Marine  
  157  9:38  Marine  
  155  9:40  Marine x2  
  142  9:49  Marine x5  
  142  9:51  Marine  
  145  9:55  Marine  
  145  9:58  Marine x2  
  134  10:06  Marine  
  124  10:07  Marine x4  
  124  10:09  Marine  
  124  10:10  SCV x3  
  124  10:13  Marine  
  130  10:16  Marine x2  
  130  10:20  Missile Turret  
  132  10:24  Marine x3  
  132  10:25  Marine x2  
  132  10:27  Marine  
  130  10:30  Medivac x2  
  130  10:31  Marine  
  130  10:34  Terran Infantry Weapons Level 3, Terran Infantry Armor Level 3, Marine x2  
  123  10:39  Widow Mine x2  
  123  10:42  Marine x2  
  122  10:46  Marine x2  
  122  10:47  Marine  
  122  10:48  Marine  
  122  10:49  Marine  
  121  10:50  Planetary Fortress  
  121  10:52  SCV x3  
  121  10:55  Marine  
  125  10:59  Marine  
  125  11:00  Marine, Medivac x2  
  125  11:01  Barracks Tech Lab  
  125  11:02  Barracks Tech Lab  
  131  11:14  Marine  
  131  11:16  Marine  
  118  11:19  Marine x2  
  118  11:22  Marine x2  
  118  11:23  Widow Mine  
  118  11:24  Widow Mine, Marine x2  
  120  11:28  Marine x2  
  120  11:29  Medivac  
  120  11:30  Medivac  
  125  11:33  Marine x2  
  125  11:34  Marine  
  125  11:35  Bunker, Marine  
  125  11:38  Thor  
  112  11:48  Widow Mine, Marine x2  
  112  11:49  Marine x3  
  115  11:54  Marine  
  115  11:58  Missile Turret x2  
  115  11:59  Medivac  
  115  12:00  Marine, Medivac, Terran Vehicle Weapons Level 1  
  121  12:02  Widow Mine  
  121  12:03  Marine, Concussive Shells  
  121  12:04  Marine  
  121  12:06  Marine  
  126  12:09  Widow Mine  
  128  12:16  Marine x2  
  128  12:18  Command Center  
  128  12:20  Thor  
  135  12:24  Widow Mine  
  137  12:31  Widow Mine, Marine  
  137  12:35  Marine x2  
  142  12:37  Medivac x2  
  142  12:38  Marauder, Marine x2  
  142  12:39  Marine x2  
  142  12:44  Marine x2  
  153  12:45  Widow Mine  
  153  12:46  Marine x2  
  153  12:49  Marine  
  159  12:52  Widow Mine  
  159  12:53  Marine x2  
  159  12:56  Marine  
  159  13:00  Marauder, Marine  
  159  13:04  Widow Mine, Marauder  
  159  13:06  Widow Mine  
  159  13:09  Marine x2  
  159  13:10  Marauder  
  159  13:11  Marine x3  
  155  13:13  Widow Mine  
  155  13:18  Marine x2  
  155  13:19  Marine  
  156  13:24  Marine x2  
  156  13:25  Thor  
  156  13:27  Marine x2  
  156  13:28  Widow Mine  
  156  13:30  Marine x2  
  156  13:33  Marine x2  
  162  13:34  Hi-Sec Auto Tracking  
  162  13:35  Widow Mine  
  162  13:44  Marine  
  162  13:45  Marine  
  162  13:49  Widow Mine, Marine  
  162  13:54  Marine x3  
  168  13:55  Missile Turret x2  
  168  13:56  Widow Mine  
  168  13:57  Missile Turret, Medivac x2  
  174  14:08  Widow Mine  
  173  14:11  Widow Mine  
  173  14:13  Marauder, Marine  
  173  14:15  Marauder, Marine x5  
  173  14:16  Marauder  
  187  14:18  Widow Mine  
  187  14:23  Planetary Fortress  
  189  14:26  Command Center, Missile Turret  
  189  14:27  Medivac x2  
  189  14:28  Marine  
  194  14:34  Marine  
  195  14:39  Widow Mine  
  195  14:46  Supply Depot  
  195  14:47  Barracks Tech Lab  
  195  15:07  Marine x3  
Show
View Real Time Build Order
Export as new Build Order

Erik Zerg 

Build Orders: Hatch First, Muta Ling Bane 

Get SALT Encoding   

  12  0:00  Drone  
  13  0:12  Overlord  
  13  0:17  Drone  
  14  0:30  Drone x2  
  16  0:47  Hatchery  
  15  0:50  Drone  
  15  0:54  Drone  
  17  0:57  Drone  
  18  1:09  Extractor  
  17  1:13  Spawning Pool  
  17  1:15  Drone  
  17  1:18  Drone  
  18  1:27  Drone  
  19  1:38  Drone  
  20  1:50  Drone  
  21  1:59  Queen  
  21  2:00  Queen  
  21  2:01  Zergling x4  
  27  2:13  Hatchery  
  26  2:17  Overlord  
  26  2:20  Drone  
  27  2:23  Drone  
  28  2:33  Metabolic Boost  
  28  2:35  Drone  
  28  2:36  Drone  
  30  2:39  Drone  
  30  2:44  Queen  
  33  2:53  Overlord  
  33  2:55  Drone x2  
  33  2:56  Drone  
  36  3:09  Overlord  
  36  3:15  Drone x2  
  36  3:16  Drone x3  
  41  3:20  Queen  
  41  3:26  Queen  
  45  3:32  Overlord  
  45  3:33  Overlord  
  45  3:36  Overlord  
  45  3:37  Zergling x2  
  45  3:39  Zergling x2  
  47  3:41  Drone  
  47  3:42  Drone  
  47  3:47  Drone x2  
  47  3:48  Drone  
  52  3:49  Drone  
  52  3:54  Zergling x2  
  52  3:55  Zergling x2  
  55  3:58  Drone x3  
  58  4:05  Queen  
  58  4:07  Drone x2  
  61  4:11  Queen  
  61  4:13  Drone x2  
  65  4:18  Drone x2  
  65  4:23  Drone x3  
  70  4:27  Spore Crawler  
  70  4:30  Spore Crawler  
  68  4:32  Spore Crawler  
  68  4:34  Spore Crawler  
  66  4:40  Drone x6  
  66  4:41  Drone  
  73  4:45  Lair  
  73  4:51  Zergling x2  
  73  4:52  Overlord x2  
  74  4:57  Baneling Nest  
  73  5:01  Overlord  
  73  5:03  Extractor  
  72  5:08  Extractor x2  
  72  5:10  Zergling x6  
  72  5:12  Drone x5  
  78  5:16  Extractor  
  78  5:18  Extractor  
  78  5:20  Drone x4, Evolution Chamber  
  79  5:21  Drone  
  79  5:22  Evolution Chamber  
  79  5:24  Drone  
  79  5:27  Drone x3  
  79  5:28  Drone x2  
  85  5:37  Drone  
  85  5:38  Drone  
  87  5:43  Drone x2  
  87  5:46  Overseer  
  89  5:52  Centrifical Hooks, Zerg Melee Weapons Level 1, Zerg Ground Armor Level 1  
  89  5:57  Drone x5  
  87  5:58  Hatchery  
  90  6:05  Overlord  
  90  6:09  Drone  
  89  6:12  Drone  
  90  6:19  Drone  
  90  6:20  Overlord  
  90  6:21  Zergling x14  
  97  6:28  Overlord  
  96  6:35  Drone x6  
  100  6:46  Spire  
  96  6:55  Drone  
  96  7:00  Drone x3  
  100  7:02  Zergling x12  
  100  7:05  Baneling x2  
  100  7:06  Baneling x6  
  106  7:10  Zergling x4  
  108  7:17  Queen  
  108  7:18  Drone x4  
  108  7:19  Drone  
  108  7:20  Extractor  
  108  7:21  Zergling x6  
  108  7:22  Extractor  
  116  7:24  Overlord x3  
  116  7:25  Overlord  
  116  7:30  Pneumatized Carapace  
  116  7:33  Baneling x4  
  113  7:45  Drone  
  113  7:46  Drone x2  
  113  7:48  Zergling x16  
  124  7:53  Baneling  
  124  7:54  Baneling x2  
  123  8:01  Zerg Ground Armor Level 2, Zerg Melee Weapons Level 2, Zerg Flyer Weapons Level 1  
  123  8:11  Mutalisk x10  
  143  8:19  Mutalisk x3  
  143  8:23  Zergling x8  
  152  8:30  Hatchery  
  152  8:32  Zergling x12  
  156  8:41  Mutalisk  
  156  8:42  Mutalisk  
  154  8:53  Mutalisk x5  
  156  8:58  Zergling x8  
  160  9:05  Overseer  
  160  9:06  Overseer  
  160  9:07  Overlord  
  160  9:14  Overlord x5  
  160  9:16  Baneling  
  159  9:17  Baneling x7  
  159  9:30  Zergling x34  
  164  9:34  Baneling  
  164  9:35  Baneling x7  
  150  9:43  Zergling x8  
  131  9:55  Mutalisk x9  
  140  10:06  Zergling x2  
  129  10:10  Baneling x4  
  129  10:13  Zergling x18  
  111  10:16  Baneling x5  
  107  10:22  Zergling x4  
  98  10:32  Mutalisk x3  
  94  10:40  Mutalisk  
  94  10:42  Zergling x8  
  92  10:45  Queen  
  91  10:51  Zergling x2  
  91  10:52  Zergling x4  
  91  10:53  Baneling x7  
  94  10:59  Zergling x2  
  94  11:00  Extractor, Zergling x6  
  97  11:07  Baneling x6  
  96  11:17  Zergling x2  
  96  11:18  Zergling x8  
  89  11:31  Zergling x14, Infestation Pit  
  95  11:39  Hatchery, Baneling x3  
  92  11:46  Mutalisk x2  
  92  11:47  Mutalisk x2  
  83  11:51  Zergling x8  
  94  11:59  Baneling  
  94  12:00  Baneling x7  
  94  12:05  Zergling x6  
  94  12:08  Hatchery, Zergling x2  
  97  12:13  Hive  
  97  12:19  Zergling x2  
  97  12:20  Zergling x6  
  101  12:27  Drone x4  
  105  12:31  Drone  
  105  12:32  Drone x2  
  105  12:34  Drone  
  105  12:35  Drone  
  110  12:43  Drone  
  107  12:44  Drone  
  107  12:49  Drone x6  
  108  12:52  Baneling x3  
  104  13:04  Zergling x2  
  104  13:05  Zergling x12  
  93  13:25  Zergling x22  
  102  13:28  Baneling x7  
  102  13:35  Zergling x6  
  102  13:37  Baneling  
  102  13:38  Baneling x6  
  102  13:55  Ultralisk Cavern  
  101  13:58  Baneling x2  
  101  13:59  Zergling x18  
  109  14:08  Zergling x4  
  109  14:09  Zergling x6  
  108  14:41  Drone x3  
  111  14:47  Zergling x22  
  111  14:48  Zergling x2  
  121  14:53  Baneling x10  
  121  14:54  Baneling x5  
Tags
 
Add a new tag
Caveats
  • Supply blocks, unpowered buildings, or Contaminate may cause inaccurate times.
  • Supply counts are checked every 10 seconds.